 Dungeon Crawl Stone Soup version 0.20.0-8-g6b59dc7 (webtiles) character file.

233 Hikthur the Conjurer (level 5, -1/45 HPs)
             Began as a Draconian Conjurer on May 31, 2017.
             Was a Believer of Vehumet.
             Succumbed to a worker ant's poison
             ... on level 4 of the Dungeon.
             The game lasted 00:17:26 (3524 turns).

Hikthur the Conjurer (Draconian Conjurer)           Turns: 3524, Time: 00:17:26

Health: -1/45      AC:  6    Str: 11    XL:     5   Next: 75%
Magic:  4/9        EV: 13    Int: 16    God:    Vehumet [**....]
Gold:   89         SH:  0    Dex: 11    Spells: 4/10 levels left

rFire    . . .     SeeInvis .   c - +0 dagger
rCold    . . .     Gourm    .   (no shield)
rNeg     . . .     Faith    .   (armour unavailable)
rPois    .         Spirit   .   (helmet restricted)
rElec    .         Reflect  .   (no cloak)
rCorr    .         Harm     .   (no gloves)
MR       .....                  i - +0 pair of boots
Stlth    ++........             n - amulet of magic regeneration
Regen    0.2/turn               (no ring)
MPRegen  0.2/turn               (no ring)

@: lethally poisoned (-1 -> -8), berserk cooldown, very slightly contaminated,
slowed, very slow
A: unfitting armour, cold-blooded, AC +5
a: Renounce Religion


You were on level 4 of the Dungeon.
You worshipped Vehumet.
Vehumet was pleased with you.
You were not hungry.

You visited 1 branch of the dungeon, and saw 4 of its levels.

You collected 89 gold pieces.

Inventory:

Hand Weapons
 c - a +0 dagger (weapon)
Armour
 i - a +0 pair of boots (worn)
Jewellery
 n - an amulet of magic regeneration (around neck)
Wands
 s - a wand of flame (10/48)
Scrolls
 d - 3 scrolls of remove curse
 e - a scroll of enchant armour {unknown}
 h - a scroll of teleportation
 k - a scroll of fog
 l - 3 scrolls of enchant weapon
 o - a scroll of recharging {unknown}
 q - a scroll of magic mapping {unknown}
 r - a scroll of identify
Books
 a - a book of Conjurations

   Spells                             Type                      Level
   a - Magic Dart                     Conjuration                  1
   b - Searing Ray                    Conjuration                  2
   c - Dazzling Spray                 Conjuration/Hexes            3
   d - Fulminant Prism                Conjuration/Hexes            4
   e - Force Lance                    Conjuration/Translocation    4
   f - Iskenderun's Mystic Blast      Conjuration                  4
Comestibles
 b - a bread ration
 f - a meat ration
 g - 4 fruits
 p - a chunk of flesh


   Skills:
 - Level 3.0 Fighting
 + Level 3.0 Dodging
 - Level 1.7 Stealth
 - Level 3.0 Spellcasting
 + Level 5.0 Conjurations


You had 4 spell levels left.
You knew the following spells:

 Your Spells              Type           Power        Failure   Level  Hunger
a - Magic Dart            Conj           ###.         2%          1    #......
b - Iskenderun's Mystic   Conj           ###.....     22%         4    #####..
c - Shock                 Conj/Air       ##..         7%          1    #......


Dungeon Overview and Level Annotations

Branches:
Dungeon (4/15)
 Temple: D:4-7

Altars:
Elyvilon
Gozag
Makhleb
Nemelex Xobeh
Vehumet
Yredelemnul
The Shining One

Shops:
D:4 *

Annotations:
D:3 mango's ghost, amateur OgHu


Innate Abilities, Weirdness & Mutations

Your plain brown scales are hard. (AC +5)
You cannot fit into any form of body armour.
You are cold-blooded and may be slowed by cold attacks.


Message History

You butcher the worker ant corpse.
* * * LOW HITPOINT WARNING * * *
You feel sick.
You see here a chunk of flesh.
There is a lethal amount of poison in your body!
There is a lethal amount of poison in your body!
* * * LOW HITPOINT WARNING * * *
You feel sick.
* * * LOW HITPOINT WARNING * * *
You feel sick.
Okay, then.
You aren't carrying any potions.
As you read the scroll labeled REINIRHAGA, it crumbles to dust.
It is a scroll of amnesia.
Forget which spell ([?*] list [ESC] exit)?
Forget which spell ([?*] list [ESC] exit)?
You don't know that spell.
Forget which spell ([?*] list [ESC] exit)?
Okay, then.
You die...

#......#
######......#
#...........#
#...........#
#...........#
#........####
#........#
#######.#######
#..@.....#
#........#
#........#
#........#
#......$...
##+####....
.... ...


There were no monsters in sight!

Vanquished Creatures
  A bullfrog skeleton (D:4)
  2 worker ants (D:4)
  8 adders
  2 oozes
  2 worms
  A dart slug (D:2)
  A leopard gecko (D:1)
  4 orcs (D:3)
  4 giant cockroaches
  8 goblins
  7 hobgoblins
  3 jackals (D:2)
  3 quokkas
  A ball python skeleton (D:4)
  5 bats
  7 frilled lizards
  5 kobolds
  6 rats
70 creatures vanquished.

Notes
Turn   | Place    | Note
-------+----------+-------------------------------------------
     0 | D:1      | Hikthur the Draconian Conjurer began the quest for the Orb.
     0 | D:1      | Reached XP level 1. HP: 14/14 MP: 3/3
    87 | D:1      | Found a glowing golden altar of the Shining One.
   207 | D:1      | Reached skill level 1 in Fighting
   214 | D:1      | Reached XP level 2. HP: 20/23 MP: 1/5
   851 | D:2      | Found a radiant altar of Vehumet.
   851 | D:2      | Found a burning altar of Makhleb.
   856 | D:2      | Became a worshipper of Vehumet
  1023 | D:2      | Reached XP level 3. HP: 29/29 MP: 0/6
  1081 | D:2      | Found a faded altar of an unknown god.
  1413 | D:2      | Found a white marble altar of Elyvilon.
  1849 | D:2      | Found a basalt altar of Yredelemnul.
  1889 | D:3      | Noticed mango's ghost (amateur OgHu)
  1965 | D:2      | Reached * piety under Vehumet
  1965 | D:2      | Offered knowledge of Sandblast by Vehumet.
  2099 | D:3      | Found an opulent altar of Gozag.
  2143 | D:3      | Reached XP level 4. HP: 34/37 MP: 2/8
  2546 | D:3      | Learned a level 4 spell: Iskenderun's Mystic Blast
  2940 | D:4      | Reached XP level 5. HP: 24/45 MP: 0/9
  3132 | D:4      | Found Bopsiq Weep's Serpentskin Sales.
  3351 | D:3      | Found an opulent altar of Gozag.
  3351 | D:3      | Found a sparkling altar of Nemelex Xobeh.
  3384 | D:3      | Offered knowledge of Shock by Vehumet.
  3387 | D:3      | Learned a level 1 spell: Shock
  3398 | D:4      | Noticed an ogre
  3402 | D:4      | Noticed an ogre
  3510 | D:4      | Reached ** piety under Vehumet
  3515 | D:4      | Reached skill level 5 in Conjurations
  3522 | D:4      | HP: 2/45 [poisoned by a worker ant]
  3524 | D:4      | Succumbed to a worker ant's poison

Skill      XL: |  1  2  3  4  5 |
---------------+----------------+-----
Fighting       | 1 2 3 |  3.0
Spellcasting   | 3 |  3.0
Dodging        | 2 3 |  3.0
Conjurations   | 5 |  5.0
Stealth        | |  1.7

Action                   |  1- 3 |  4- 6 || total
-------------------------+-------+-------++-------
Melee: Dagger            |    79 |    81 ||   160
       Tailslap          |     2 |     6 ||     8
 Cast: Magic Dart        |    49 |    82 ||   131
Evoke: Wand              |       |     7 ||     7
  Use: Scroll            |     3 |     5 ||     8
       Potion            |     2 |     1 ||     3
 Stab: Sleeping          |     3 |     2 ||     5
  Eat: Chunk             |     3 |     1 ||     4
       Meat ration       |     1 |       ||     1
Armor: Skin              |    35 |    40 ||    75
Dodge: Dodged            |    64 |    85 ||   149
